Selects Indian Artillery Battlegroup
Construct Section Command Post
Selects Towed ML 4.2-inch Heavy Mortar
Construct Platoon Command Post
Selects Towed ML 4.2-inch Heavy Mortar
Towed ML 4.2-inch Heavy Mortar
Construct Company Command Post
Towed ML 4.2-inch Heavy Mortar
Unlock M3 Grant Medium Tanks
Selects Off-map Airburst Barrage
Selects BL5.5 Artillery Emplacement
Selects Gurkha Rifles Section
Selects Volunteer Infantry